 Dungeon Crawl Stone Soup version 0.31.0-9-g3a7656b989 (webtiles) character file.

Game seed: 11619300914198282087

2576 qw the Skirmisher (level 9, -4/52 HPs)
             Began as a Deep Elf Hunter on Feb 2, 2024.
             Constricted to death by a juvenile oxweird beast (8 damage)
             ... on level 7 of the Dungeon.
             The game lasted 00:00:27 (6204 turns).

qw the Skirmisher (Deep Elf Hunter)                 Turns: 6204, Time: 00:00:27

Health: -4/52      AC:  9    Str: 12    XL:     9   Next: 32%
Magic:  11/11      EV: 11    Int: 15    God:
Gold:   293        SH:  0    Dex: 18    Spells: 8/8 levels left

rFire   . . .        a - +3 shortbow (flame)
rCold   + . .        (shield currently unavailable)
rNeg    . . .        d - +0 ring mail
rPois   .            (no helmet)
rElec   .            g - +0 cloak
rCorr   .            (no gloves)
SInv    .            f - +2 pair of boots
Will    .....        (no amulet)
Stlth   +            k - ring of protection from cold
HPRegen 0.28/turn    (no ring)
MPRegen 0.12/turn

%: no passive effects
@: about to teleport, constricted
A: no striking features
a: no special abilities


You were on level 7 of the Dungeon.
You visited 2 branches of the dungeon, and saw 8 of its levels.
You also visited: Sewer.

You collected 293 gold pieces.


   Skills:
 - Level 4.2 Fighting
 - Level 14.0 Ranged Weapons
 - Level 2.1 Armour
 + Level 6.6 Dodging
 - Level 1.2 Stealth


You had 8 spell levels left.
You didn't know any spells.
Your spell library was empty.

Inventory:

Hand Weapons
 a - a +3 shortbow of flaming (weapon)
Armour
 d - a +0 ring mail (worn)
 f - a +2 pair of boots (worn)
 g - a +0 cloak (worn)
Jewellery
 j - a +4 ring of slaying {mikee}
 k - a ring of protection from cold (left hand)
 n - an amulet of reflection
Wands
 b - a wand of iceblast (9)
 m - a wand of paralysis (6)
Scrolls
 i - 2 scrolls of teleportation
 o - a scroll of identify
Potions
 c - 2 potions of enlightenment {unknown}
 e - 2 potions of curing
 h - a potion of heal wounds
 l - a potion of mutation {unknown}

Dungeon Overview and Level Annotations

Branches:
Dungeon (7/15)             Temple (1/1) D:5           Sewer (visited)

Altars:
Dithmenos
Elyvilon
Fedhas
Gozag
Hepliaklqana
Kikubaaqudgha
Nemelex Xobeh
Qazlal
Ru
Sif Muna
Uskayaw
Vehumet
Wu Jian
Yredelemnul
Zin
The Shining One


Message History

The juvenile oxweird beast completely misses you.
You shoot an arrow.
The arrow hits the juvenile oxweird beast.
The arrow burns the juvenile oxweird beast.
The juvenile oxweird beast is severely wounded.
The juvenile oxweird beast closely misses you.
The juvenile oxweird beast misses you.
The juvenile oxweird beast closely misses you.
You shoot an arrow.
The arrow hits the juvenile oxweird beast.
The arrow burns the juvenile oxweird beast.
The juvenile oxweird beast is severely wounded.
You shoot an arrow.
The arrow completely misses the juvenile oxweird beast.
The juvenile oxweird beast closely misses you.
The juvenile oxweird beast tramples you.
You hold your ground!
The juvenile oxweird beast grabs you.
The juvenile oxweird beast constricts you.
You shoot an arrow.
The arrow hits the juvenile oxweird beast!
The arrow burns the juvenile oxweird beast.
The juvenile oxweird beast is almost dead.
The juvenile oxweird beast closely misses you.
The juvenile oxweird beast tramples you.
You are held in place!
The juvenile oxweird beast constricts you!
You shoot an arrow.
The arrow hits the juvenile oxweird beast but does no damage.
The juvenile oxweird beast is almost dead.
The juvenile oxweird beast barely misses you.
The juvenile oxweird beast tramples you!
You are held in place!
The juvenile oxweird beast constricts you!
6204 ||| READING 3 scrolls of teleportation.
As you read the scroll of teleportation, it crumbles to dust.
You feel strangely unstable. The juvenile oxweird beast hits you.
The juvenile oxweird beast barely misses you.
The juvenile oxweird beast constricts you!
You die...

............
....................
.....)...#####.####
.......... #.#
......... #.#
......... #.#### #
#........ #.....
.##. ##.H......
####.#
....####.@###'# #.#
. #...........# #.#
..#.......##### #.#
.........## #..
......#.## ##%.
...}.....## ##.#.
..........# ##.#.#
......#.### ..
##.#.## ........####
###.###.#.##.


You could see a juvenile oxweird beast.

Vanquished Creatures
  Eustachio (D:5)
  A water moccasin (D:7)
  Duvessa (D:7)
  2 sky beasts
  An orc warrior (D:7)
  3 ogres
  2 phantoms
  2 brain worms (Sewer)
  A kobold brigand (D:5)
  4 bullfrogs
  4 scorpions
  Dowan (D:7)
  2 howler monkeys (D:7)
  4 hounds
  4 orc priests
  3 iguanas
  5 orc wizards (D:6)
  3 mutant beasts (D:7)
  11 adders
  2 white imps
  3 dart slugs
  A ribbon worm (D:2)
  20 orcs
  5 endoplasms
  2 giant cockroaches
  3 goblins
  8 hobgoblins
  29 kobolds
  4 quokkas
  6 ball pythons
  4 bats (D:1)
  4 frilled lizards
  A rat (D:2)
147 creatures vanquished.

Vanquished Creatures (others)
  A kobold (D:5)
1 creature vanquished.

Grand Total: 148 creatures vanquished

Notes
Turn   | Place    | Note
-------+----------+-------------------------------------------
     0 | D:1      | qw the Deep Elf Hunter began the quest for the Orb.
     0 | D:1      | Reached XP level 1. HP: 12/12 MP: 3/3
     0 | D:1      | 0 ||| qw: Version: 0.3-a-155-g5e7d8dd
     0 | D:1      | 0 ||| qw: Game counter: 2201
     0 | D:1      | 0 ||| qw: Melee chars always use a shield: true
     0 | D:1      | 0 ||| qw: God list: Okawaru
     0 | D:1      | 0 ||| qw: Allow faded altars: false
     0 | D:1      | 0 ||| qw: Do Orc after clearing Dungeon:15 true
     0 | D:1      | 0 ||| qw: Do second Lair branch before Depths: true
     0 | D:1      | 0 ||| qw: Lair rune preference: random
     0 | D:1      | 0 ||| qw: Goals: Normal
     0 | D:1      | 0 ||| PLANNING D:1-11
   278 | D:1      | Reached XP level 2. HP: 16/16 MP: 4/4
   305 | D:1      | Reached skill level 6 in Ranged Weapons
   794 | D:1      | 794 ||| UPGRADING to +0 cloak.
   799 | D:1      | 799 ||| READING scroll labelled GOUTWE YLLUEGO.
   804 | D:1      | 804 ||| READING scroll labelled YSIW TOERIT.
   805 | D:1      | 805 ||| READING scroll labelled ZEFEEPNISEA.
   805 | D:1      | 805 ||| BRANDING +0 shortbow.
   806 | D:1      | 806 ||| DRINKING 3 smoky inky potions.
   807 | D:1      | 807 ||| DROPPING scroll of butterflies.
   975 | D:2      | Reached XP level 3. HP: 20/20 MP: 5/5
  1167 | D:2      | Found a faded altar of an unknown god.
  1335 | D:2      | 1335 ||| UPGRADING to +0 ring mail.
  1345 | D:2      | 1345 ||| DROPPING +0 leather armour.
  1346 | D:2      | 1346 ||| READING scroll labelled ZEROIKK FOUNO.
  1346 | D:2      | 1346 ||| IDENTIFYING purple potion
  1347 | D:2      | 1347 ||| DROPPING potion of berserk rage.
  1360 | D:3      | 1360 ||| PLANNING SEWER
  1362 | D:3      | Reached skill level 7 in Ranged Weapons
  1691 | D:3      | Reached XP level 4. HP: 24/25 MP: 6/6
  1778 | D:3      | Reached skill level 8 in Ranged Weapons
  1786 | D:3      | Reached XP level 5. HP: 23/29 MP: 7/7
  1959 | D:3      | Found a glowing drain.
  1960 | D:3      | 1960 ||| UPGRADING to +0 pair of boots.
  1965 | D:3      | 1965 ||| READING scroll of identify.
  1965 | D:3      | 1965 ||| IDENTIFYING emerald potion
  1966 | D:3      | 1966 ||| DROPPING potion of brilliance.
  1998 | Sewer    | Entered a sewer
  2054 | Sewer    | Reached skill level 9 in Ranged Weapons
  2151 | Sewer    | Reached XP level 6. HP: 36/36 MP: 8/8
  2373 | Sewer    | 2373 ||| READING scroll labelled SARUKL NUVUINE.
  2373 | Sewer    | 2373 ||| ENCHANTING +0 pair of boots.
  2374 | Sewer    | 2374 ||| READING 2 scrolls labelled LOSOTU OFOKAKH.
  2374 | Sewer    | 2374 ||| ENCHANTING +0 shortbow of flaming.
  2375 | Sewer    | 2375 ||| READING scroll of enchant weapon.
  2375 | Sewer    | 2375 ||| ENCHANTING +1 shortbow of flaming.
  2376 | Sewer    | 2376 ||| READING scroll labelled JALEWA CEWU.
  2413 | D:3      | 2413 ||| PLANNING D:1-11
  2704 | D:4      | Reached XP level 7. HP: 40/40 MP: 9/9
  2760 | D:4      | Reached skill level 10 in Ranged Weapons
  2860 | D:4      | Reached skill level 3 in Dodging
  3126 | D:4      | Reached skill level 11 in Ranged Weapons
  3214 | D:4      | Found an ancient bone altar of Kikubaaqudgha.
  3214 | D:4      | Found a blossoming altar of Fedhas.
  3220 | D:4      | 3220 ||| DROPPING +2 robe of positive energy.
  3221 | D:4      | 3221 ||| DROPPING ring of magical power.
  3222 | D:4      | 3222 ||| READING 2 scrolls of identify.
  3222 | D:4      | 3222 ||| IDENTIFYING smoky red potion
  3223 | D:4      | 3223 ||| READING scroll of identify.
  3223 | D:4      | 3223 ||| IDENTIFYING inky potion
  3224 | D:4      | 3224 ||| READING scroll labelled GAOLAK HOUN.
  3225 | D:4      | 3225 ||| DROPPING potion of invisibility.
  3269 | D:5      | Entered Level 5 of the Dungeon
  3420 | D:5      | Found a staircase to the Ecumenical Temple.
  3421 | D:5      | 3421 ||| PLANNING TEMPLE
  3422 | D:5      | Noticed Eustachio
  3423 | D:5      | 3423 ||| FLEEEEING.
  3428 | D:5      | 3428 ||| ZAPPING wand of iceblast (11) at -2,4 (floor).
  3429 | D:5      | 3429 ||| ZAPPING wand of iceblast (10) at -2,4 (floor).
  3429 | D:5      | Killed Eustachio
  3430 | D:5      | Reached skill level 12 in Ranged Weapons
  3430 | D:5      | Reached XP level 8. HP: 40/45 MP: 10/10
  3469 | D:5      | 3469 ||| FLEEEEING.
  3477 | Temple   | Entered the Ecumenical Temple
  3478 | Temple   | 3478 ||| PLANNING D:1-11
  3522 | D:5      | 3522 ||| FLEEEEING.
  3524 | D:5      | 3524 ||| FLEEEEING.
  3525 | D:5      | 3525 ||| FLEEEEING.
  3526 | D:5      | 3526 ||| FLEEEEING.
  3527 | D:5      | 3527 ||| FLEEEEING.
  3528 | D:5      | 3528 ||| FLEEEEING.
  3529 | D:5      | 3529 ||| FLEEEEING.
  3532 | D:5      | 3532 ||| STAIRDANCE
  3608 | D:5      | Found a sparkling altar of Nemelex Xobeh.
  3659 | D:5      | Reached skill level 3 in Fighting
  4136 | D:5      | 4136 ||| READING scroll labelled COOHYPT YMUYDIFI.
  4137 | D:5      | 4137 ||| READING scroll labelled NOIGEUB SATYKA.
  4139 | D:5      | 4139 ||| Stepping ~*~*~tactically~*~*~ (cloud).
  4563 | D:6      | 4563 ||| READING scroll of enchant weapon.
  4563 | D:6      | 4563 ||| ENCHANTING +2 shortbow of flaming.
  4573 | D:6      | Reached skill level 13 in Ranged Weapons
  4791 | D:6      | 4791 ||| DRINKING 4 potions of curing.
  4791 | D:6      | 4791 ||| (to cure confusion)
  5129 | D:6      | 5129 ||| UPGRADING to ring of protection from cold.
  5130 | D:6      | 5130 ||| READING scroll labelled ETTETYV HOT.
  5271 | D:7      | Reached skill level 14 in Ranged Weapons
  5299 | D:7      | Reached XP level 9. HP: 46/51 MP: 11/11
  5360 | D:7      | 5360 ||| READING scroll of enchant armour.
  5360 | D:7      | 5360 ||| ENCHANTING +1 pair of boots.
  5376 | D:7      | HP: 9/51 [poisoned by a water moccasin]
  5377 | D:7      | 5377 ||| DRINKING 3 potions of curing.
  5377 | D:7      | 5377 ||| (to cure poison)
  5575 | D:7      | 5575 ||| FLEEEEING.
  6061 | D:7      | Noticed Dowan
  6063 | D:7      | Noticed Duvessa
  6076 | D:7      | Killed Duvessa
  6077 | D:7      | Reached skill level 6 in Dodging
  6081 | D:7      | Killed Dowan
  6182 | D:7      | Noticed a juvenile oxweird beast
  6183 | D:7      | 6183 ||| ZAPPING wand of paralysis (7) at 6,-7 (juvenile
                  | oxweird beast; floor).
  6203 | D:7      | HP: 7/52 [constriction (8)]
  6204 | D:7      | 6204 ||| READING 3 scrolls of teleportation.
  6204 | D:7      | Constricted to death by a juvenile oxweird beast

Levels and vault maps discovered:
D:1:      roadster_arrival_rocket_large, layout_basic
D:2:      layout_loops_ring, basic_ecumenical_altar, kennysheep_generic_room_4
D:3:      layout_basic, gup_sewer_entry_glass, serial_bayou_crossing
D:4:      layout_loops_cross, grunt_temple_overflow_growth_and_decay
D:5:      kennysheep_kobold_camp, layout_loops_ring,
          nemelex_xobeh_ov_fountains_minmay, minmay_temple_entry_grid,
          uniq_eustachio
D:6:      layout_basic
D:7:      minmay_inner_zag, layout_basic, mainiacjoe_overflow_swirl,
          nicolae_beast_mode, uniq_duvessa
Temple:   compressed_dpeg_triangle_lava_temple

Skill      XL: |  1  2  3  4  5  6  7  8  9 |
---------------+----------------------------+-----
Ranged Weapons | 6 7 8 9 12 14 | 14.0
Fighting       | 2 3 4 |  4.2
Armour         | 2 |  2.1
Dodging        | 3 4 6 |  6.6
Stealth        | |  1.2

Action                     |  1- 3 |  4- 6 |  7- 9 || total
---------------------------+-------+-------+-------++-------
   Fire: Shortbow          |   107 |   104 |   268 ||   479
  Evoke: Wand              |       |       |     3 ||     3
    Use: Scroll            |     4 |     5 |     9 ||    18
         Potion            |     1 |       |     2 ||     3
 Armour: Leather armour    |    15 |       |       ||    15
         Ring mail         |     3 |    32 |    65 ||   100
  Dodge: Dodged            |    15 |    35 |    52 ||   102

Table legend:
 A = Non-vault XP
 B = Vault XP
 C = Vault XP percentage of total XP
 D = Non-vault monster count
 E = Vault monster count
 F = Vault count percentage of total count
                 A         B        C        D         E       F
            +---------+---------+-------+---------+---------+-------
      Total |    2332 |    1349 |  36.6 |     101 |      46 |  31.3
            +---------+---------+-------+---------+---------+-------
        D:1 |      31 |       0 |   0.0 |      19 |       0 |   0.0
        D:2 |      28 |       0 |   0.0 |       9 |       0 |   0.0
        D:3 |     139 |      43 |  23.6 |      20 |       4 |  16.7
        D:4 |     625 |       0 |   0.0 |      19 |       0 |   0.0
        D:5 |     453 |     312 |  40.8 |       5 |      21 |  80.8
        D:6 |     654 |       0 |   0.0 |      23 |       0 |   0.0
        D:7 |     402 |     730 |  64.5 |       6 |      10 |  62.5
      Sewer |       0 |     264 | 100.0 |       0 |      11 | 100.0
            +---------+---------+-------+---------+---------+-------
